 Dungeon Crawl Stone Soup version 0.30.1-9-gdf580d7c3d (webtiles) character file.

Game seed: 13102046057166298595

126 KittyFluff the Cudgeller (level 5, -6/33 HPs)
             Began as a Gargoyle Berserker on Oct 19, 2023.
             Was a Priest of Trog.
             Splashed by a jelly's acid (7 damage)
             ... in a sewer.
             The game lasted 00:08:37 (2174 turns).

KittyFluff the Cudgeller (Gargoyle Berserker)       Turns: 2174, Time: 00:08:38

Health: -6/33      AC:  3    Str: 23    XL:     5   Next: 9%
Magic:  5/5        EV: 12    Int:  7    God:    Trog [***...]
Gold:   161        SH:  0    Dex: 15    Spells: 4/4 levels left

rFire   . . .        a - +0 mace
rCold   . . .        (no shield)
rNeg    + . .        b - +0 animal skin
rPois   ∞            (no helmet)
rElec   +            (no cloak)
rCorr   .            (no gloves)
SInv    .            f - +0 pair of boots
Will    .....        (no amulet)
Stlth   +            j - +6 ring of dexterity
HPRegen 0.25/turn    (no ring)
MPRegen 0.09/turn

%: no passive effects
@: corroded
A: sickness immunity, AC +4, negative energy resistance 1, electricity
resistance, torment resistance 1, petrification resistance
a: Renounce Religion, Berserk, Trog's Hand


You were in a sewer.
You worshipped Trog.
Trog was most pleased with you.
You visited 1 branch of the dungeon, and saw 3 of its levels.
You also visited: Sewer.

You collected 161 gold pieces.

Inventory:

Hand Weapons
 a - a +0 mace (weapon)
 l - a +0 sling
 p - a +0 morningstar
Missiles
 h - 5 poisoned darts (quivered)
Armour
 b - a +0 animal skin (worn)
 f - a +0 pair of boots (worn)
Jewellery
 j - a +6 ring of dexterity (left hand)
Scrolls
 k - 2 scrolls of teleportation {unknown}
 m - 5 scrolls of identify {unknown}
 n - a scroll of enchant armour {unknown}
 o - a scroll of immolation {unknown}
 q - a scroll of summoning {unknown}
 s - a scroll of enchant weapon {unknown}
 u - a scroll of amnesia {unknown}
 v - a scroll of torment {unknown}
Potions
 c - a potion of lignification {unknown}
 d - a potion of magic {unknown}
 e - a potion of invisibility {unknown}
 g - 2 potions of cancellation {unknown}
 i - 3 potions of curing {unknown}
 r - a potion of berserk rage {unknown}
 t - a potion of flight {unknown}
 w - a potion of might {unknown}


   Skills:
 + Level 4.0 Fighting
 * Level 4.2 Maces & Flails
 + Level 3.1 Armour
 + Level 2.2 Dodging


You had 4 spell levels left.
You didn't know any spells.
Your spell library was empty.

Dungeon Overview and Level Annotations

Branches:
Dungeon (3/15)              Sewer (1/1)

Altars:
Hepliaklqana

Shops:
D:1 [   D:2 ?


Innate Abilities, Weirdness & Mutations

You are immune to sickness and miasma.
Your stone body is resilient. (AC +4)
You are immune to poison.
You resist negative energy. (rN+)
You are resistant to electric shocks. (rElec)
You are resistant to unholy torment.
You are immune to petrification.


Message History

The giant cockroach misses you.
You thump the giant cockroach!
You kill the giant cockroach!
Trog accepts your kill.
You enter the shallow water.
Moving in this stuff is going to be slow.
You enter the shallow water.
Moving in this stuff is going to be slow.
An endoplasm and 2 jellies come into view.
The jelly quivers. x2
Found a glowing blue potion.
The jelly jiggles.
You barely miss the river rat. The river rat misses you.
The jelly hits you but does no damage.
The river rat bites you but does no damage.
The jelly closely misses you.
You barely miss the river rat.
The endoplasm quivers.
The jelly hits you but does no damage. The river rat bites you.
The jelly hits you but does no damage.
You closely miss the river rat. The jelly closely misses you.
The river rat barely misses you. The jelly hits you.
You are splashed with acid.
You hit the river rat but do no damage. The jelly hits you.
You are splashed with acid.
The river rat barely misses you. The jelly misses you.
You closely miss the river rat. The jelly closely misses you.
The jelly hits you but does no damage.
The river rat bites you but does no damage.
You closely miss the river rat. The jelly closely misses you.
The jelly hits you. The acid corrodes you!
You are splashed with acid!
* * * LOW HITPOINT WARNING * * *
The river rat bites you.
* * * LOW HITPOINT WARNING * * *
The jelly barely misses you. The river rat misses you.
The jelly jiggles.
The jelly hits you.
* * * LOW HITPOINT WARNING * * *
You are splashed with acid!
You die...

########## # #####
## ##~..## #.
#..~~~## ##.
#.~#~..####~.
####..##..##...~
##~..~.~####~~~~~
####.~~~~~~.##~..~##
#.J@~..###~~~...~##
#.JJr.~## ##~~~~.##
#.~~~.##.~# ##..~.#
..~~.# #~~#
~~~~~...# ..~~. #..~
#~~..~~.~# !..~
##∩~.~..~~~#~.~# ###
##...~#..~##..~.
#####.~## #~~~


.JS ## You could see 2 jellies, a river rat and an endoplasm.

Vanquished Creatures
  A jelly (Sewer)
  An adder (D:2)
  A worm (Sewer)
  A dart slug (D:1)
  2 bats
  13 endoplasms
  8 giant cockroaches
  2 goblins (D:2)
  4 hobgoblins (D:2)
  2 jackals (D:1)
  5 kobolds
  5 quokkas
  15 ball pythons
  3 frilled lizards
  11 rats
74 creatures vanquished.

Notes
Turn   | Place    | Note
-------+----------+-------------------------------------------
     0 | D:1      | KittyFluff the Gargoyle Berserker began the quest for the
                  | Orb.
     0 | D:1      | Reached XP level 1. HP: 14/14 MP: 1/1
   211 | D:1      | Reached XP level 2. HP: 16/19 MP: 2/2
   370 | D:1      | Reached ** piety under Trog
   376 | D:1      | Reached XP level 3. HP: 23/23 MP: 3/3
   400 | D:1      | Found Vaqibuwn's Antique Armour Shop.
   742 | D:2      | Found Xiacze's Magic Scroll Boutique.
   863 | D:2      | Found a hazy altar of Hepliaklqana.
  1286 | D:2      | Reached XP level 4. HP: 29/29 MP: 4/4
  1379 | D:2      | Found a faded altar of an unknown god.
  1778 | D:3      | Found a glowing drain.
  1804 | Sewer    | Entered a sewer
  1934 | Sewer    | Reached *** piety under Trog
  2037 | Sewer    | Reached XP level 5. HP: 5/33 MP: 5/5
  2174 | Sewer    | HP: 1/33 [jelly (2)]
  2174 | Sewer    | Splashed by a jelly's acid

Illustrated notes

Levels and vault maps discovered:
D:1:      minmay_arrival_open_corners, layout_loops_cross, serial_shops, shop
D:2:      layout_loops_corners, serial_shops,
          nicolae_shop_pleasant_corner_grove, shapermc_ecumenical_altar_gd,
          basic_altar, grunt_ministairs_14, kennysheep_generic_room_12
D:3:      wad_lake_hut, layout_basic, mainiacjoe_overflow_catwalk,
          portal_sewer_entry_f
Sewer:    sewer_hellmonk_slimy_pipes

Skill      XL: |  1  2  3  4 |
---------------+-------------+-----
Dodging        | 2 |  2.2
Maces & Flails | 4 |  4.2
Armour         | 3 |  3.1
Fighting       | 4 |  4.0

Action                     |  1- 3 |  4- 6 || total
---------------------------+-------+-------++-------
  Melee: Mace              |   140 |    93 ||   233
         Punch             |     2 |     1 ||     3
 Invoke: Berserk           |       |     1 ||     1
   Stab: Sleeping          |     1 |     2 ||     3
 Armour: Animal skin       |    50 |    29 ||    79
  Dodge: Dodged            |   118 |    65 ||   183
